 Dungeon Crawl Stone Soup version 0.30.1-4-g462c640d31 (webtiles) character file.

Game seed: 12661685522377409278

189 lonewolfV2 the Chopper (level 5, -1/39 HPs)
             Began as a Demonspawn Gladiator on Aug 31, 2023.
             Slain by Grinder (5 damage)
             ... while paralysed by Grinder
             ... on level 4 of the Dungeon.
             The game lasted 00:05:12 (3154 turns).

lonewolfV2 the Chopper (Demonspawn Gladiator)       Turns: 3154, Time: 00:05:13

Health: -1/39      AC:  5    Str: 16    XL:     5   Next: 40%
Magic:  5/5        EV:  2    Int: 10    God:
Gold:   147        SH:  0    Dex: 14    Spells: 4/4 levels left

rFire   . . .        a - +0 war axe
rCold   . . .        (no shield)
rNeg    . . .        b - +0 leather armour
rPois   .            c - +1 helmet
rElec   .            (no cloak)
rCorr   .            (no gloves)
SInv    .            (no boots)
Will    .....        h - amulet of the acrobat
Stlth   +            (no ring)
HPRegen 0.26/turn    (no ring)
MPRegen 0.18/turn

%: acrobat
@: paralysed
A: repulsion field 1, magic regeneration, demonic touch 2
a: no special abilities


You were on level 4 of the Dungeon.
You visited 1 branch of the dungeon, and saw 4 of its levels.

You collected 147 gold pieces.

Inventory:

Hand Weapons
 a - a +0 war axe (weapon)
Missiles
 d - 4 throwing nets (quivered)
 e - a javelin
Armour
 b - a +0 leather armour (worn)
 c - a +1 helmet (worn)
Jewellery
 h - an amulet of the acrobat (around neck)
 l - an amulet of magic regeneration
Wands
 p - a wand of quicksilver (10)
 s - a wand of digging (4)
Scrolls
 k - a scroll of poison {unknown}
 m - a scroll of blinking
 o - a scroll of identify
 q - a scroll of enchant weapon {unknown}
Potions
 f - a potion of magic
 g - a potion of flight
 i - 3 potions of curing
 j - a potion of attraction {unknown}
 n - a potion of haste {unknown}


   Skills:
 + Level 2.6 Fighting
 + Level 4.4 Axes
 + Level 2.0 Throwing
 + Level 1.6 Armour
 + Level 3.3 Dodging
 + Level 0.4 Stealth


You had 4 spell levels left.
You didn't know any spells.
Your spell library was empty.

Dungeon Overview and Level Annotations

Branches:
Dungeon (4/15)
 Temple: D:4-7

Altars:

Shops:
D:1 =

Annotations:
D:4 Grinder


Innate Abilities, Weirdness & Mutations

You are surrounded by a mild repulsion field. (EV +2)
You regenerate magic rapidly.
Your touch may inflict irresistible damage on your foes.


Message History

Grinder blinks!
Grinder hits you. Grinder completely misses you.
You closely miss Grinder.
Grinder is lightly wounded.
Grinder barely misses you.
You barely miss Grinder.
Grinder is lightly wounded.
Grinder hits you but does no damage.
You closely miss Grinder.
Grinder is lightly wounded.
Grinder hits you!
You writhe in agony.
Grinder hits you but does no damage.
You hit Grinder.
Grinder is moderately wounded.
Grinder closely misses you.
You hit Grinder but do no damage.
Grinder is moderately wounded.
Grinder blinks!
You hit Grinder but do no damage.
Grinder is moderately wounded.
Grinder hits you!
You writhe in agony.
Grinder hits you.
You writhe in agony.
You hit Grinder.
Grinder is moderately wounded.
Grinder closely misses you.
You hit Grinder. Your touch misses Grinder.
Grinder is heavily wounded.
Grinder hits you.
* * * LOW HITPOINT WARNING * * *
You barely miss Grinder.
You touch Grinder!
Grinder is severely wounded.
Grinder hits you but does no damage.
You hit Grinder.
Grinder is severely wounded.
Grinder gestures at you.
You suddenly lose the ability to move!
Grinder hits you!
* * * LOW HITPOINT WARNING * * *
Grinder gestures at you.
You barely resist. Grinder hits you.
You die...

#. ..
#.#.######
+.#......#
#.#......##
#.........#
#....##....
#.5.......#
#.@...##..#
#...<.$...#
#...###.....#
#.....# .....
####### .###
#


You could see Grinder.

Vanquished Creatures
  An orc priest (D:3)
  Jessica (D:2)
  Robin (D:3)
  2 adders
  3 worms
  3 dart slugs
  4 orcs (D:3)
  6 ball pythons
  6 bats
  3 endoplasms
  2 giant cockroaches (D:1)
  12 goblins
  4 hobgoblins
  11 jackals
  2 quokkas
  4 frilled lizards
  9 kobolds
  10 rats
84 creatures vanquished.

Notes
Turn   | Place    | Note
-------+----------+-------------------------------------------
     0 | D:1      | lonewolfV2 the Demonspawn Gladiator began the quest for the
                  | Orb.
     0 | D:1      | Reached XP level 1. HP: 16/16 MP: 1/1
   115 | D:1      | Found Koidol's Jewellery Boutique.
   121 | D:1      | Reached skill level 3 in Axes
   123 | D:1      | Gained mutation: Your touch may inflict minor irresistible
                  | damage on your foes. [demonic ancestry]
   123 | D:1      | Reached XP level 2. HP: 13/22 MP: 2/2
   995 | D:1      | Gained mutation: You regenerate magic rapidly. [demonic
                  | ancestry]
   995 | D:1      | Reached XP level 3. HP: 24/27 MP: 3/3
  1205 | D:2      | Noticed Jessica
  1210 | D:2      | Killed Jessica
  1237 | D:2      | Gained mutation: Your touch may inflict irresistible damage
                  | on your foes. [demonic ancestry]
  1237 | D:2      | Reached XP level 4. HP: 31/33 MP: 4/4
  1439 | D:2      | Reached skill level 1 in Armour
  1826 | D:3      | Noticed Robin
  1834 | D:3      | Killed Robin
  1835 | D:3      | Reached skill level 4 in Axes
  2288 | D:3      | Gained mutation: You are surrounded by a mild repulsion
                  | field. (EV +2) [demonic ancestry]
  2288 | D:3      | Reached XP level 5. HP: 39/39 MP: 5/5
  3132 | D:4      | Noticed Grinder
  3152 | D:4      | Paralysed by Grinder for 5 turns
  3154 | D:4      | Slain by Grinder

Illustrated notes

Levels and vault maps discovered:
D:1:      minmay_arrival_semitransparent, layout_basic, serial_shops, shop,
          corner_web_ring
D:2:      layout_loops_cross, uniq_jessica
D:3:      layout_loops_cross, uniq_robin
D:4:      layout_basic, roderic_roman_lattice, kennysheep_generic_room_16,
          uniq_grinder

Skill      XL: |  1  2  3  4 |
---------------+-------------+-----
Axes           | 3 4 |  4.4
Throwing       | 2 |  2.0
Dodging        | 3 |  3.3
Armour         | 1 |  1.6
Fighting       | |  2.6
Stealth        | |  0.4

Action                     |  1- 3 |  4- 6 || total
---------------------------+-------+-------++-------
  Melee: War axe           |    76 |   102 ||   178
         Touch             |     5 |    20 ||    25
         Punch             |       |     1 ||     1
    Use: Scroll            |     2 |     6 ||     8
 Armour: Leather armour    |    47 |    34 ||    81
  Dodge: Dodged            |    82 |    99 ||   181
